AoeStats
← IsraDguez

Scandinavia

510870121Analyzed
1v1 RM · 5h ago on Oct 2, 2026· 25m 21s· 2 players
Game mode
Random Map
Map size
Tiny (2 player)
Population
200
Speed
Normal
Resources
Standard
Victory
Conquest
Starting age
Dark Age
Ending age
Imperial Age
RankedLock teamsTeams togetherTeam positionsShared explorationLock speedFull tech treeHidden civsTurbo modeCheats
Victory
Defeat
🇫🇷 Italians · France
946
+16
🇲🇽 Vikings · Mexico
942
-16
IsraDguez
10:21 Feudal Age
8:37 Loom
21:06 Castle Age
19:03 Fletching
21:31 Double-Bit Axe
22:20 Squires
21:51 Crossbowman
22:38 Scale Mail Armor
23:14 Pikeman
25:40 Bodkin Arrow
Mom said one more game
10:00 Loom
12:18 Feudal Age
12:44 Fishing Lines
13:20 Double-Bit Axe
13:23 Horse Collar
15:08 Bloodlines
15:45 Wheelbarrow
21:14 Castle Age
20:58 Forging
21:17 Light Cavalry
22:03 Husbandry
Connection lost

Rejoining the realm…

Still unreachable

The connection could not be restored.

Session expired

The server has moved on; the page needs a fresh start.